 Dungeon Crawl Stone Soup version 0.31.0-11-ge490571c62 (webtiles) character file.

Game seed: 4281136857174517966

2429 Leszczynek the Ruffian (level 9, -9/74 HPs)
             Began as a Demigod Shapeshifter on Feb 2, 2024.
             Mangled by a two-headed ogre
             ... wielding a +0 giant club
              (21 damage)
             ... on level 6 of the Dungeon.
             The game lasted 00:13:49 (6370 turns).

Leszczynek the Ruffian (Demigod Shapeshifter)       Turns: 6370, Time: 00:13:49

Health: -9/74      AC:  5    Str: 29    XL:     9   Next: 4%
Magic:  11/11      EV: 16    Int: 12    God:
Gold:   250        SH:  0    Dex: 17    Spells: 8/8 levels left

rFire   . .          .
                       - Unarmed
rCold   + . .        (no shield)
rNeg    . . .        y - +0 ring mail {rC+}
rPois   .            (helmet currently unavailable)
rElec   .            l - melded +0 cloak
rCorr   .            (gloves currently unavailable)
SInv    .            (boots currently unavailable)
Will    .....        (no amulet)
Stlth   +            q - +5 ring of evasion
HPRegen 0.32/turn    s - +6 ring of strength
MPRegen 0.12/turn

%: no passive effects
@: beast-form
A: beast (slay +4), high MP 1, forlorn, divine attributes
a: Begin Untransformation


You were on level 6 of the Dungeon.
You were a hulking beast.
You visited 2 branches of the dungeon, and saw 7 of its levels.

You collected 250 gold pieces.

Inventory:

Missiles
 n - 8 boomerangs (quivered)
Armour
 l - a +0 cloak (melded)
 y - a +0 ring mail of cold resistance (worn)
Jewellery
 q - a +5 ring of evasion (left hand)
 s - a +6 ring of strength (right hand)
Talismans
 c - a beast talisman (active)
 d - a flux talisman
 x - a serpent talisman
Wands
 v - a wand of roots (2)
Scrolls
 b - a scroll of silence {unknown}
 g - a scroll of revelation {unknown}
 h - 2 scrolls of teleportation
 m - 2 scrolls of acquirement {unknown}
 o - a scroll of fog {unknown}
 p - a scroll of noise {unknown}
 r - 2 scrolls of fear {unknown}
 t - a scroll of enchant armour {unknown}
 w - a scroll of torment {unknown}
Potions
 a - 2 potions of invisibility
 e - a potion of might
 f - a potion of heal wounds {@q2}
 i - a potion of curing {unknown}
 j - 2 potions of magic
 k - a potion of haste
 u - a potion of attraction {unknown}
 z - a potion of cancellation {unknown}


   Skills:
 + Level 5.0 Fighting
 - Level 1.7 Dodging
 * Level 7.7 Unarmed Combat
 * Level 7.2 Shapeshifting


You had 8 spell levels left.
You didn't know any spells.
Your spell library contained the following spells:

 Spells                   Type           Power      Damage    Failure   Level
 Apportation              Tloc           0%         N/A       43%         1
 Freeze                   Ice            0%         1d3       43%         1
 Necrotise                Necr           0%         1d4       43%         1
 Sting                    Conj/Alch      0%         1d3       43%         1
 Summon Small Mammal      Summ           0%         N/A       43%         1
 Scorch                   Fire           0%         2d5       58%         2
 Sublimation of Blood     Necr           0%         N/A       58%         2
 Frozen Ramparts          Ice            0%         1d1       82%         3
 Hailstorm                Conj/Ice       0%         3d5       82%         3
 Inner Flame              Hex/Fire       0%         N/A       82%         3
 Cause Fear               Hex            0%         N/A       99%         4
 Ignite Poison            Fire/Alch      0%         N/A       99%         4
 Petrify                  Alch/Erth      0%         N/A       99%         4
 Summon Blazeheart Golem  Fire/Summ      0%         N/A       99%         4
 Fireball                 Conj/Fire      0%         3d3       100%        5
 Irradiate                Conj/Alch      0%         3d11      100%        5
 Starburst                Conj/Fire      0%         6d3       100%        6
 Ignition                 Fire           0%         3d3       100%        8
 Dragon's Call            Summ           0%         N/A       100%        9


Dungeon Overview and Level Annotations

Branches:
Dungeon (6/15)             Temple (1/1) D:5

Shops:
D:4 [


Innate Abilities, Weirdness & Mutations

You are a hulking beast.
Your limbs bulge with bestial killing power. (Slay +4)
You have an increased reservoir of magic. (+10% MP)
You shall have no god before yourself.
Your divine heritage dramatically boosts your attributes as you level up.


Message History

The black bear is almost dead.
The black bear goes berserk!
You hit the black bear.
You kill the black bear!
Your Fighting skill increases to level 5!
No target in view!
No target in view!
u - a viscous puce potion An adder comes into view.
Found 16 gold pieces.
The adder hisses angrily.
The adder bites you but does no damage.
You hit the adder.
The adder is severely wounded.
The adder bites you but does no damage.
You hit the adder.
You kill the adder!
No target in view!
No target in view!
z - a sedimented puce potion A two-headed ogre comes into view.
It is wielding two +0 giant clubs.
You see here 16 gold pieces.
You hit the two-headed ogre.
The two-headed ogre is lightly wounded.
The two-headed ogre barely misses you.
The two-headed ogre hits you with a +0 giant club!!
You hit the two-headed ogre.
The two-headed ogre is lightly wounded.
You closely miss the two-headed ogre.
The two-headed ogre is lightly wounded.
The two-headed ogre closely misses you.
The two-headed ogre hits you with a +0 giant club!
You punch the two-headed ogre!
The two-headed ogre is moderately wounded.
You punch the two-headed ogre!
The two-headed ogre is heavily wounded.
The two-headed ogre hits you with a +0 giant club!!
* * * LOW HITPOINT WARNING * * *
The two-headed ogre hits you with a +0 giant club!!
You die...

.....##.....# ...
..........†.####+###
#....##.....#......# .
#######.....#......##.
#......#........ .
##.....##.....# ...
##.....##.....##....
#......†..........!.
#..........h$.......
##..##.#####O.####..
#..##.# #'## #....#..
... #....#... ....
#... #....#..... #...
#...... +. #......#


You could see a two-headed ogre.

Vanquished Creatures
  Pikel (D:5)
  A hornet (D:6)
  Eustachio (D:5)
  Menkaure (D:5)
  Edmund (D:5)
  An ice beast (D:6)
  2 black bears
  3 ogres
  4 lemures (D:5)
  A howler monkey (D:6)
  2 jellies
  3 hounds
  5 orc priests
  Ijyb (D:4)
  Jessica (D:3)
  Natasha (thrice) (D:2)
  5 iguanas
  3 orc wizards
  5 gnolls
  8 adders
  A white imp (D:5)
  A dart slug (D:3)
  2 ribbon worms (D:3)
  9 orcs
  11 ball pythons
  5 bats
  5 endoplasms
  2 giant cockroaches (D:1)
  9 goblins
  8 hobgoblins
  6 jackals (D:4)
  14 kobolds
  5 quokkas
  3 frilled lizards
  7 rats
140 creatures vanquished.

Notes
Turn   | Place    | Note
-------+----------+-------------------------------------------
     0 | D:1      | Leszczynek the Demigod Shapeshifter began the quest for the
                  | Orb.
     0 | D:1      | Reached XP level 1. HP: 15/15 MP: 3/3
    47 | D:1      | Reached skill level 1 in Fighting
   187 | D:1      | Reached skill level 3 in Unarmed Combat
   187 | D:1      | Reached XP level 2. HP: 15/23 MP: 4/4
   276 | D:1      | Reached skill level 3 in Shapeshifting
   760 | D:1      | Reached XP level 3. HP: 28/28 MP: 5/5
  1546 | D:2      | Noticed Natasha
  1553 | D:2      | Killed Natasha
  1680 | D:2      | Noticed Natasha
  1685 | D:2      | Killed Natasha
  1686 | D:2      | Reached XP level 4. HP: 31/36 MP: 6/6
  2186 | D:3      | Noticed Jessica
  2203 | D:3      | Reached skill level 2 in Fighting
  2210 | D:3      | Killed Jessica
  2301 | D:3      | Reached skill level 4 in Unarmed Combat
  2301 | D:3      | Reached XP level 5. HP: 31/41 MP: 7/7
  2422 | D:2      | Noticed Natasha
  2524 | D:2      | Killed Natasha
  2525 | D:2      | Reached skill level 4 in Shapeshifting
  2945 | D:3      | Noticed a black bear
  2961 | D:3      | Killed a black bear
  3104 | D:3      | Reached XP level 6. HP: 48/50 MP: 8/8
  3453 | D:4      | Got Baolutaw's Enchiridion on Incandescence and the Flock
  3691 | D:3      | Reached skill level 5 in Unarmed Combat
  3759 | D:4      | Reached skill level 3 in Fighting
  3873 | D:4      | Found Toepal's Armour Shoppe.
  4207 | D:4      | Noticed Ijyb
  4226 | D:3      | Reached XP level 7. HP: 36/57 MP: 9/9
  4303 | D:3      | Reached skill level 5 in Shapeshifting
  4313 | D:4      | Killed Ijyb
  4537 | D:5      | Entered Level 5 of the Dungeon
  4751 | D:5      | Noticed Pikel
  4873 | D:5      | Noticed Edmund
  4885 | D:5      | Killed Pikel
  4886 | D:5      | Reached skill level 6 in Unarmed Combat
  4886 | D:5      | Reached XP level 8. HP: 48/66 MP: 10/10
  4900 | D:5      | Killed Edmund
  4901 | D:5      | Reached skill level 4 in Fighting
  4901 | D:5      | Reached skill level 6 in Shapeshifting
  5077 | D:5      | Noticed Menkaure
  5087 | D:5      | Killed Menkaure
  5224 | D:5      | Noticed Eustachio
  5269 | D:5      | Killed Eustachio
  5270 | D:5      | Reached skill level 7 in Unarmed Combat
  5411 | D:5      | Found a staircase to the Ecumenical Temple.
  5433 | Temple   | Entered the Ecumenical Temple
  5717 | D:5      | Found the +10 dark maul {heavy}
  5731 | D:5      | lol
  5813 | D:6      | Noticed a hornet
  5822 | D:6      | Killed a hornet
  5823 | D:6      | Reached skill level 7 in Shapeshifting
  6261 | D:6      | Reached XP level 9. HP: 54/73 MP: 11/11
  6344 | D:6      | Reached skill level 5 in Fighting
  6362 | D:6      | Noticed a two-headed ogre
  6370 | D:6      | HP: 12/74 [two-headed ogre/+0 giant club (25)]
  6370 | D:6      | Mangled by a two-headed ogre

Illustrated notes

#.# #.# #.# #.#
#.###.### #.#
#........ #.#
#..##.### #.#
#..##.# #####.#
#..##.# #.. ..#
#..##.# #.###.#
##..##.### #h#..†#
#...##....
#.#.#.###.#.##.##.
#.....##..<.......
###.####.#.....##.
#.# #.#........
#.# #.#.###.##.
#.# #(#.# #.##.
#.####.#.###.##.
#............##.


Turn 5731 on D:5: lol

Levels and vault maps discovered:
D:1:      dpeg_arrival_houses_and_road, layout_basic, minmay_statues_item,
          minmay_close_crescents
D:2:      layout_basic, serial_forest, infiniplex_forest_clump_small,
          infiniplex_forest_end_1, infiniplex_forest_end_2,
          infiniplex_forest_lined_room_2, infiniplex_forest_clump_tiny,
          infiniplex_forest_lined_2, infiniplex_forest_lined_room_2,
          infiniplex_forest_clump_small, amcnicky_mini_pool_small, uniq_natasha
D:3:      layout_basic, shapermc_ecumenical_altar_ellora, uniq_jessica
D:4:      minmay_razor_zed, layout_cave_pools, lemuel_crystal_altar,
          serial_shops, shop, uniq_ijyb
D:5:      layout_loops_ring, minmay_temple_entry_large_hall,
          small_statue_alley_b, uniq_edmund, uniq_eustachio, uniq_menkaure,
          uniq_pikel
D:6:      layout_gridville
Temple:   regret_index_temple_sphere_string

Skill      XL: |  1  2  3  4  5  6  7  8  9 |
---------------+----------------------------+-----
Fighting       | 1 2 3 4 5 |  5.0
Unarmed Combat | 3 4 5 6 7 |  7.7
Shapeshifting  | 3 4 5 7 |  7.2
Dodging        | |  1.7

Action                     |  1- 3 |  4- 6 |  7- 9 || total
---------------------------+-------+-------+-------++-------
  Melee: Unarmed           |   150 |   177 |   194 ||   521
         Punch             |       |     5 |     7 ||    12
  Throw: Boomerang         |       |       |     2 ||     2
Ability: Begin Untransform |     1 |       |       ||     1
  Evoke: Wand              |       |       |     3 ||     3
    Use: Scroll            |       |     6 |     1 ||     7
         Potion            |       |     2 |     1 ||     3
 Armour: Animal skin       |    24 |       |       ||    24
         Ring mail         |    47 |   104 |    72 ||   223
         Skin              |       |     5 |     2 ||     7
  Dodge: Dodged            |    79 |   149 |   107 ||   335
   Form: Beast             |     1 |     1 |       ||     2
         Flux              |     1 |     1 |       ||     2
